[ PARTIDA AOE2 · #495687336 ]
UnrankedTurcos vs Spanish
Equipo del jugador · VICT
Equipo rival · DERR
[ ANÁLISIS DE REPETICIÓN · EXTRAÍDO DE LA PARTIDA GRABADA ]
Feudal
13:40
Castillos
17:35
Imperial
26:05
| APM promedio | 24.9 |
| APM pico | 85 |
| eAPM promedio | 11.7 |
| Aldeanos / militares | 65 / 44 |
Foco
⚔️ 28.1% · 🌾 71.9%
Janissary ×38 · Bombard Cannon ×5 · Monk ×1
Feudal
8:54
Castillos
15:25
Imperial
32:13
| APM promedio | 38.1 |
| APM pico | 76 |
| eAPM promedio | 19.0 |
| Aldeanos / militares | 89 / 60 |
Foco
⚔️ 32.2% · 🌾 67.8%
Skirmisher ×47 · Conquistador ×5 · Knight ×3 · Monk ×2 · Spearman ×2 · Archer ×1
Mapa de la partida
Recursos iniciales + cada clic de construcción. Líneas = muros · curvas = relieve. ◆ oro · ⬟ piedra · ● bayas · ✦ reliquia · ◌ hueco del cierre
Tu base· ✓ Cerrada en 17:35 · 0t muro · 2 puerta(s)
Base de blued80235· ✓ Cerrada en 15:25 · 0t muro · 3 puerta(s)
Terreno inicial suavizado · ◌ = hueco del cierre detectado · pasá el cursor para detalles
Inputs por minuto
— RH450 - - blued80235
Build order — RH450
Primeras 150 de 199 acciones detectadas
| 0:01 | Encolar | Villager (Male) |
| 0:01 | Encolar | Villager (Male) |
| 0:03 | Construir | House |
| 0:06 | Construir | House |
| 0:32 | Encolar | Villager (Male) |
| 0:33 | Encolar | Villager (Male) |
| 0:33 | Encolar | Villager (Male) |
| 1:32 | Encolar | Villager (Male) |
| 1:32 | Encolar | Villager (Male) |
| 1:33 | Encolar | Villager (Male) |
| 2:02 | Encolar | Villager (Male) |
| 2:02 | Encolar | Villager (Male) |
| 2:19 | Encolar | Villager (Male) |
| 2:20 | Encolar | Villager (Male) |
| 2:34 | Construir | Lumber Camp |
| 2:52 | Encolar | Villager (Male) |
| 2:52 | Encolar | Villager (Male) |
| 3:00 | Encolar | Villager (Male) |
| 3:01 | Encolar | Villager (Male) |
| 3:55 | Encolar | Villager (Male) |
| 3:55 | Encolar | Villager (Male) |
| 4:07 | Construir | House |
| 4:17 | Encolar | Villager (Male) |
| 4:18 | Encolar | Villager (Male) |
| 4:18 | Encolar | Villager (Male) |
| 4:44 | Construir | House |
| 5:12 | Encolar | Villager (Male) |
| 5:12 | Encolar | Villager (Male) |
| 5:12 | Encolar | Villager (Male) |
| 5:24 | Construir | Mill |
| 5:54 | Encolar | Villager (Male) |
| 5:55 | Encolar | Villager (Male) |
| 6:51 | Encolar | Villager (Male) |
| 6:52 | Encolar | Villager (Male) |
| 7:23 | Encolar | Villager (Male) |
| 7:23 | Encolar | Villager (Male) |
| 7:23 | Encolar | Villager (Male) |
| 7:24 | Encolar | Villager (Male) |
| 8:41 | Encolar | Villager (Male) |
| 8:41 | Encolar | Villager (Male) |
| 9:08 | Construir | House |
| 9:12 | Construir | House |
| 9:15 | Construir | House |
| 9:17 | Construir | House |
| 9:24 | Construir | House |
| 9:37 | Encolar | Villager (Male) |
| 9:37 | Encolar | Villager (Male) |
| 10:02 | Construir | Mining Camp |
| 10:30 | Encolar | Villager (Male) |
| 10:58 | Investigar | Feudal Age |
| 11:11 | Construir | Mining Camp |
| 11:57 | Construir | Farm |
| 11:57 | Construir | Farm |
| 11:58 | Construir | Farm |
| 11:58 | Construir | Farm |
| 11:59 | Construir | Farm |
| 11:59 | Construir | Farm |
| 11:59 | Construir | Farm |
| 12:00 | Construir | Farm |
| 12:10 | Encolar | Villager (Male) |
| 12:21 | Encolar | Villager (Male) |
| 12:21 | Encolar | Villager (Male) |
| 13:40 | Edad | Edad Feudal |
| 13:42 | Construir | Market |
| 13:53 | Construir | Blacksmith |
| 14:51 | Investigar | Castle Age |
| 15:45 | Construir | Farm |
| 15:45 | Construir | Farm |
| 15:45 | Construir | Farm |
| 15:47 | Construir | Farm |
| 15:48 | Construir | Farm |
| 15:50 | Construir | Farm |
| 15:55 | Investigar | Double-Bit Axe |
| 15:58 | Investigar | Horse Collar |
| 16:21 | Encolar | Villager (Male) |
| 16:22 | Encolar | Villager (Male) |
| 16:22 | Encolar | Villager (Male) |
| 16:32 | Investigar | Loom |
| 16:35 | Encolar | Villager (Male) |
| 16:35 | Encolar | Villager (Male) |
| 16:35 | Encolar | Villager (Male) |
| 17:35 | Edad | Edad de los Castillos |
| 17:47 | Construir | Castle |
| 18:29 | Construir | Gate |
| 18:36 | Construir | Palisade Gate |
| 18:39 | Construir | Palisade Gate |
| 18:52 | Construir | Mining Camp |
| 18:55 | Encolar | Janissary ×3 |
| 18:55 | Encolar | Janissary ×3 |
| 19:11 | Construir | Stone Wall |
| 19:17 | Encolar | Villager (Male) |
| 19:17 | Encolar | Villager (Male) |
| 19:19 | Encolar | Villager (Male) |
| 19:29 | Encolar | Janissary |
| 19:29 | Encolar | Janissary |
| 19:55 | Construir | Farm |
| 19:57 | Construir | Farm |
| 20:14 | Encolar | Janissary |
| 20:15 | Encolar | Janissary |
| 20:31 | Construir | Stone Wall |
| 20:54 | Encolar | Villager (Male) |
| 20:54 | Encolar | Villager (Male) |
| 20:54 | Encolar | Villager (Male) |
| 21:17 | Construir | Mining Camp |
| 21:53 | Construir | Palisade Gate |
| 22:34 | Construir | Stone Wall |
| 22:55 | Investigar | Imperial Age |
| 22:56 | Investigar | Imperial Age |
| 23:10 | Construir | Siege Workshop |
| 23:34 | Construir | University |
| 23:39 | Encolar | Janissary |
| 23:39 | Encolar | Janissary |
| 23:40 | Encolar | Janissary |
| 23:40 | Encolar | Janissary |
| 23:43 | Investigar | Fletching |
| 23:53 | Construir | Farm |
| 23:54 | Construir | Farm |
| 24:07 | Construir | Farm |
| 24:12 | Encolar | Janissary |
| 24:12 | Encolar | Janissary |
| 24:20 | Investigar | Padded Archer Armor |
| 24:44 | Investigar | Ballistics |
| 24:52 | Investigar | Bodkin Arrow |
| 25:12 | Encolar | Janissary |
| 25:12 | Encolar | Janissary |
| 25:13 | Encolar | Janissary |
| 25:54 | Encolar | Villager (Male) |
| 25:54 | Encolar | Villager (Male) |
| 25:58 | Investigar | Leather Archer Armor |
| 26:05 | Edad | Edad Imperial |
| 26:11 | Encolar | Bombard Cannon |
| 26:22 | Investigar | Gold Mining |
| 26:33 | Encolar | Janissary |
| 26:34 | Encolar | Janissary |
| 26:34 | Encolar | Janissary |
| 27:04 | Encolar | Bombard Cannon |
| 27:04 | Encolar | Bombard Cannon |
| 27:33 | Encolar | Janissary |
| 27:34 | Encolar | Janissary |
| 27:34 | Encolar | Janissary |
| 27:34 | Encolar | Janissary |
| 27:43 | Encolar | Villager (Male) |
| 28:22 | Encolar | Janissary |
| 28:22 | Encolar | Janissary |
| 28:22 | Encolar | Janissary |
| 28:25 | Encolar | Villager (Male) |
| 28:25 | Encolar | Villager (Male) |
| 28:25 | Encolar | Villager (Male) |
| 28:25 | Encolar | Villager (Male) |
| 28:40 | Construir | Mining Camp |
Build order — blued80235
Primeras 150 de 306 acciones detectadas
| 0:01 | Encolar | Villager (Male) |
| 0:01 | Encolar | Villager (Male) |
| 0:01 | Encolar | Villager (Male) |
| 0:01 | Encolar | Villager (Male) |
| 0:03 | Construir | House |
| 0:05 | Construir | House |
| 1:32 | Encolar | Villager (Male) |
| 1:32 | Encolar | Villager (Male) |
| 2:08 | Encolar | Villager (Male) |
| 2:08 | Encolar | Villager (Male) |
| 2:27 | Encolar | Villager (Male) |
| 2:27 | Encolar | Villager (Male) |
| 2:27 | Encolar | Villager (Male) |
| 3:14 | Encolar | Villager (Male) |
| 3:15 | Encolar | Villager (Male) |
| 3:27 | Construir | House |
| 3:28 | Construir | House |
| 3:30 | Construir | Lumber Camp |
| 3:49 | Encolar | Villager (Male) |
| 3:49 | Encolar | Villager (Male) |
| 3:50 | Encolar | Villager (Male) |
| 4:30 | Encolar | Villager (Male) |
| 5:02 | Encolar | Villager (Male) |
| 5:02 | Encolar | Villager (Male) |
| 5:02 | Encolar | Villager (Male) |
| 5:03 | Encolar | Villager (Male) |
| 5:03 | Encolar | Villager (Male) |
| 5:03 | Encolar | Villager (Male) |
| 6:08 | Construir | Mill |
| 6:44 | Investigar | Feudal Age |
| 6:44 | Investigar | Feudal Age |
| 7:35 | Encolar | Villager (Male) |
| 7:36 | Encolar | Villager (Male) |
| 7:39 | Construir | House |
| 8:54 | Edad | Edad Feudal |
| 8:55 | Investigar | Double-Bit Axe |
| 8:55 | Investigar | Double-Bit Axe |
| 9:04 | Construir | Blacksmith |
| 9:20 | Construir | Farm |
| 9:36 | Investigar | Loom |
| 9:38 | Encolar | Villager (Male) |
| 9:59 | Construir | Farm |
| 10:01 | Encolar | Villager (Male) |
| 10:20 | Construir | Market |
| 10:29 | Encolar | Villager (Male) |
| 10:35 | Construir | Farm |
| 10:58 | Encolar | Villager (Male) |
| 11:05 | Investigar | Loom |
| 11:11 | Construir | Mining Camp |
| 11:20 | Encolar | Villager (Male) |
| 11:27 | Construir | Farm |
| 11:37 | Construir | Farm |
| 11:39 | Construir | Farm |
| 11:48 | Investigar | Loom |
| 12:01 | Construir | Farm |
| 12:11 | Encolar | Villager (Male) |
| 12:45 | Investigar | Castle Age |
| 12:45 | Investigar | Castle Age |
| 13:28 | Investigar | Stone Mining |
| 13:28 | Investigar | Stone Mining |
| 13:44 | Construir | Mining Camp |
| 14:25 | Investigar | Stone Mining |
| 14:25 | Investigar | Stone Mining |
| 15:19 | Encolar | Villager (Male) |
| 15:25 | Edad | Edad de los Castillos |
| 15:36 | Encolar | Villager (Male) |
| 15:39 | Construir | House |
| 15:40 | Construir | House |
| 15:42 | Construir | Farm |
| 15:42 | Construir | Farm |
| 15:43 | Construir | Farm |
| 15:59 | Construir | Castle |
| 16:07 | Encolar | Villager (Male) |
| 16:13 | Encolar | Villager (Male) |
| 16:30 | Construir | Palisade Gate |
| 16:32 | Construir | Palisade Wall |
| 16:38 | Construir | House |
| 16:40 | Construir | House |
| 16:43 | Construir | House |
| 16:45 | Encolar | Villager (Male) |
| 16:51 | Construir | Farm |
| 16:57 | Construir | Palisade Wall |
| 17:19 | Encolar | Conquistador |
| 17:19 | Encolar | Conquistador |
| 17:45 | Construir | Siege Workshop |
| 17:48 | Encolar | Villager (Male) |
| 18:00 | Construir | Farm |
| 18:00 | Construir | Farm |
| 18:15 | Encolar | Villager (Male) |
| 18:22 | Construir | Lumber Camp |
| 18:41 | Construir | Farm |
| 18:41 | Construir | Farm |
| 18:42 | Construir | Farm |
| 18:42 | Construir | Farm |
| 18:42 | Construir | Farm |
| 18:42 | Construir | Farm |
| 18:48 | Encolar | Villager (Male) |
| 19:01 | Encolar | Villager (Male) |
| 19:23 | Construir | Farm |
| 19:23 | Construir | Farm |
| 19:23 | Construir | Farm |
| 19:23 | Construir | Farm |
| 19:28 | Investigar | Horse Collar |
| 19:45 | Investigar | Fletching |
| 19:46 | Investigar | Fletching |
| 19:49 | Encolar | Villager (Male) |
| 19:50 | Encolar | Villager (Male) |
| 19:50 | Encolar | Villager (Male) |
| 20:09 | Construir | Town Center |
| 20:14 | Encolar | Conquistador |
| 20:22 | Encolar | Villager (Male) |
| 20:23 | Encolar | Villager (Male) |
| 20:40 | Encolar | Villager (Male) |
| 20:40 | Encolar | Villager (Male) |
| 20:47 | Encolar | Villager (Male) |
| 20:58 | Construir | Farm |
| 20:58 | Construir | Farm |
| 20:58 | Construir | Farm |
| 20:59 | Construir | Farm |
| 21:08 | Construir | Farm |
| 21:08 | Construir | Farm |
| 21:08 | Construir | Farm |
| 21:09 | Construir | Farm |
| 21:14 | Encolar | Conquistador |
| 21:14 | Encolar | Conquistador |
| 21:17 | Encolar | Villager (Male) |
| 21:50 | Encolar | Villager (Male) |
| 22:15 | Encolar | Villager (Male) |
| 22:17 | Encolar | Villager (Male) |
| 22:23 | Encolar | Villager (Male) |
| 22:35 | Construir | Barracks |
| 22:42 | Encolar | Villager (Male) |
| 22:50 | Investigar | Town Watch |
| 22:51 | Encolar | Villager (Male) |
| 23:03 | Investigar | Padded Archer Armor |
| 23:03 | Investigar | Padded Archer Armor |
| 23:15 | Construir | Monastery |
| 23:17 | Encolar | Villager (Male) |
| 23:19 | Encolar | Villager (Male) |
| 23:19 | Encolar | Villager (Male) |
| 23:27 | Construir | House |
| 23:28 | Construir | House |
| 23:30 | Construir | House |
| 23:30 | Construir | House |
| 23:31 | Construir | House |
| 23:32 | Construir | House |
| 23:32 | Construir | House |
| 23:35 | Encolar | Villager (Male) |
| 23:40 | Encolar | Villager (Male) |
| 23:47 | Investigar | Gold Mining |
Cronología de la partida
| 8:54 | blued80235 · age_up feudal |
| 12:43 | blued80235 · first_market_sell 100 wood |
| 13:40 | RH450 · age_up feudal |
| 15:25 | blued80235 · age_up castle |
| 15:59 | blued80235 · first_building Castle |
| 16:32 | blued80235 · wall_segment Palisade Wall x1 |
| 16:57 | blued80235 · wall_segment Palisade Wall x1 |
| 17:35 | RH450 · age_up castle |
| 17:45 | blued80235 · first_building Siege Workshop |
| 17:47 | RH450 · first_building Castle |
| 19:11 | RH450 · wall_segment Stone Wall x9 |
| 20:31 | RH450 · wall_segment Stone Wall x4 |
| 22:34 | RH450 · wall_segment Stone Wall x2 |
| 22:35 | blued80235 · first_building Barracks |
| 23:10 | RH450 · first_building Siege Workshop |
| 23:15 | blued80235 · first_building Monastery |
| 24:17 | blued80235 · first_building Archery Range |
| 26:05 | RH450 · age_up imperial |
| 26:50 | RH450 · first_market_sell 100 wood |
| 29:14 | blued80235 · first_market_buy 100 stone |
| 32:13 | blued80235 · age_up imperial |
| 33:32 | RH450 · first_building Monastery |
| 35:37 | blued80235 · first_building Stable |
| 35:44 | RH450 · first_market_buy 100 wood |
| 37:08 | blued80235 · resign |
[ ANÁLISIS IA · 1 CRÉDITO ]
¿Qué pasó realmente en esta partida?
Wolo.gg analiza cada decisión: build order, eco, micro, errores típicos por bracket. Análisis personalizado por WhatsApp o Discord en 30 segundos.
Guía civ
Turcos
Perfil
Jugador #10596640